← All builds
Air / Cortex / Economy first / OBSERVED BUILD

Standard air

Cortex Air build order · Supreme Isthmus

Economy-first air build: Aircraft Plant then Advanced Metal Extractor and Fusion Reactor, making transports and scouts for allies while transitioning into fighters and occasional bombers over the whole game.

Usually transports first (78%)

#eco #air #team support · 1508 distinct matches · 252 players · 81% of Cortex Air games · team won 46% of 1813 · Recently observed

HOW TO PLAY IT

Key timing: Aircraft Plant by 1:24

  1. Open 3 mex and wind, then drop Aircraft Plant early.
  2. Finish Aircraft Plant and start fighters for scouting and defense.
  3. Eat the Aircraft Plant once production needs outgrow it.
  4. Get Advanced Metal Extractor up to scale eco.
  5. Bring Fusion Reactor online and keep feeding transports, scouts, fighters to allies.

Phase by phase

TYPICAL OF ITS 1508 GAMES
  1. 1
  2. 2
  3. 3
PLAY THE OPENING

Follow the example game's first 6:00 step by step: what to build now, what comes next, and where it goes. At 1× it keeps pace with your own game.

  1. 1

    Up to the Aircraft Plant

    Economy
    • Metal Extractor3Mex
    • Wind Turbine4Wind
    Order
    1. Aircraft PlantAircraft Plant after 3 mex, 4 winddone ~1:26, middle half 1:14–1:35

    Some games also: energy storage (38%)

    By 1:07 in all: 3 mex · 4 wind

    The example game in this phase · 3 steps
    1. Mex ×3
    2. Wind ×3
    3. Aircraft PlantAircraft Plantdone 1:09 · typical 1:26
  2. 2

    Aircraft Plant to 5:00

    Economy
    • Metal Extractor1Mex
    • Wind Turbine9Wind
    • Wind Turbine3Wind
    Builders
    • Construction Turret2 Con turret
    • Construction Aircraft1 Con aircraft
    Army
    • Valiant5 Valiant
    • Hercules2 Light transport for allies
    • Finch2 Finch for allies
    • Finch1 Finch
    • Hephaestus1 Heavy transport for allies

    Some games also: shuriken (49%) · energy storage (45%) · converter (44%) · light transport (40%)

    By 5:00 in all: 3 mex · 1 mex · 13 wind · 3 wind · 1 energy storage · 2 con turret

    The example game in this phase · 32 steps
    1. Wind
    2. FinchFinch
    3. Wind
    4. Construction AircraftCon aircraft
    5. Wind
    6. HerculesLight transportfor Geo sea
    7. Mex
    8. FinchFinch ×2for Geo sea
    9. HerculesLight transportfor Tech
    10. ValiantValiant
    11. Solar
    12. Con turret
    13. ValiantValiant
    14. Wind ×3
    15. ShurikenShuriken
    16. Wind ×2
    17. ShurikenShuriken
    18. Con turret
    19. Wind ×2
    20. ShurikenShuriken
    21. Wind ×2
    22. ShurikenShuriken
    23. Energy storage
    24. Wind ×3
    25. ValiantValiant
    26. Wind ×8
    27. ValiantValiant
    28. Converter
    29. Wind
    30. ValiantValiant
    31. Wind
    32. ValiantValiant
  3. 3

    5:00 to 10:00

    Economy
    • Wind Turbine21Wind
    • Wind Turbine5Wind
    • Energy Converter6Converter
    Order
    1. Aircraft PlantEat Aircraft Plant
    2. Aircraft PlantAircraft Plant after 19 wind, 18 wind, 7 converterin 58% of games
    Builders
    • Construction Turret3 Con turret
    Army
    • Valiant9 Valiant

    Some games also: shuriken (47%) · fusion (38%) · con aircraft (35%) · light transport (31%)

    By 10:00 in all: 3 mex · 1 mex · 25 wind · 20 wind · 8 converter · 1 energy storage

    The example game in this phase · 129 steps
    1. FinchFinch
    2. ValiantValiant
    3. Converter
    4. ValiantValiant
    5. Wind
    6. ValiantValiant
    7. Converter
    8. ValiantValiant
    9. Wind
    10. ValiantValiant
    11. Wind
    12. ValiantValiant
    13. Converter
    14. ValiantValiant
    15. Con turret
    16. Wind
    17. Converter
    18. ShurikenShuriken
    19. Wind
    20. Converter
    21. ShurikenShuriken
    22. Converter
    23. HerculesLight transportfor Beach sea
    24. ShurikenShuriken ×2
    25. Converter
    26. Wind
    27. ShurikenShuriken
    28. Wind
    29. ShurikenShuriken
    30. Wind
    31. ShurikenShuriken
    32. HephaestusHeavy transportfor Front
    33. Wind
    34. ShurikenShuriken ×2
    35. HephaestusHeavy transport
    36. Converter
    37. Wind
    38. ShurikenShuriken
    39. HerculesLight transport
    40. ShurikenShuriken
    41. ValiantValiant ×2
    42. Wind
    43. ValiantValiant
    44. Converter
    45. ValiantValiant ×2
    46. Wind
    47. ValiantValiant
    48. Wind
    49. ValiantValiant
    50. Wind
    51. ValiantValiant ×2
    52. Converter
    53. Wind
    54. ValiantValiant
    55. Wind ×2
    56. Construction AircraftCon aircraft
    57. Aircraft PlantEat Aircraft Plantreclaimed for its metal
    58. Wind
    59. Converter
    60. Wind
    61. Converter
    62. Con turret
    63. Wind
    64. Converter
    65. Wind ×3
    66. Advanced Metal ExtractorT2 mexdone 10:07
    67. Wind ×2
    68. Advanced Metal ExtractorT2 mex ×2
    69. Wind
    70. Advanced Metal ExtractorT2 mex
    71. Wind ×2
    72. Con turret ×2
    73. Wind
    74. Con turret ×4
    75. Aircraft PlantAircraft Plantdone 12:19
    76. Wind ×2
    77. Con turret
    78. Wind
    79. Hardened Energy Storage
    80. Wind ×2
    81. ValiantValiant
    82. Wind
    83. ValiantValiant ×3
    84. Wind
    85. ValiantValiant ×2
    86. Wind
    87. ValiantValiant ×2
    88. Wind
    89. ValiantValiant ×2
    90. Construction AircraftCon aircraft
    91. Wind
    92. Construction AircraftCon aircraft
    93. Con turret
    94. Wind ×2
    95. ValiantValiant
    96. Wind ×4
    97. ValiantValiant
    98. Wind ×2
    99. ValiantValiant
    100. Wind ×2
    101. Con turret
    102. Wind
    103. ValiantValiant
    104. Wind ×2
    105. Con turret
    106. Wind ×3
    107. ValiantValiant
    108. Wind ×2
    109. Con turret
    110. Wind ×3
    111. ValiantValiant
    112. Wind ×2
    113. FinchFinch
    114. Con turret
    115. Wind ×2
    116. Con turret
    117. ValiantValiant
    118. Wind ×4
    119. ValiantValiant
    120. Con turret
    121. Wind ×2
    122. Con turret
    123. ShurikenShuriken
    124. Wind ×3
    125. ShurikenShuriken
    126. Wind ×3
    127. ShurikenShuriken
    128. Wind ×4
    129. ShurikenShuriken

Counts are medians over the build's games: half of them build more, half fewer. The example game is HALF_DALLAH_HABIT's (33 OS, 08/10/2026); pick another.

Team trades

IN AT LEAST 30% OF ITS GAMES

You hand over

  • Finch2 Finch to Geo sea or Beach seafirst at 1:50 · in 96% of games
  • Hercules3 Light transport to Tech or Geo sea or Beach seafirst at 2:06 · in 99% of games
  • Hephaestus1 Heavy transport to Beach sea or Pond or Techfirst at 2:23 · in 71% of games

You get

  • Wind Turbine3 Wind from Beach sea or Geo seafirst at 1:37 · in 64% of games
  • Wind Turbine3 Wind from Beach sea or Geo sea or Pondfirst at 1:42 · in 46% of games
  • Construction Bot1 Con bot from Techfirst at 2:22 · in 88% of games
  • Advanced Construction Bot1 T2 con bot from Techfirst at 6:05 · in 96% of games

How it plays out

Typical game of this build, running totals by minute

Metal produced

010k20k30k
0:005:0010:0015:00

metal

Enemy metal destroyed

01k2k
0:005:0010:0015:00

metal

Own metal lost

01k2k3k
0:005:0010:0015:00

metal

1813 games.

Show as table
ByMetal produced: This buildEnemy metal destroyed: This buildOwn metal lost: This build
1:0039200
2:0092300
3:00145600
4:002052051
5:0027635173
6:003711102124
7:005089146167
8:006903190219
9:009285230270
10:0011761292379
11:0014370369533
12:0017069512781
13:00198597811101
14:002270412631689
15:002573618082409
WHAT THE NUMBERS SAY

Standard air play wins less than half its games, with very low combat losses and kills since the role mostly supports rather than fights.

  • + Own metal lost stays very low, only 2701 by 15:00.
  • + Metal production reaches 25740 by 15:00, a strong support economy.
  • − Team wins under half of games (47%).
  • − Enemy metal destroyed stays low at 2097 by 15:00, showing little direct impact.
THE EXAMPLE YOU ARE READING

HALF_DALLAH_HABIT

33.2 OS · 08/10/2026

Open source match ↗

4 received units · includes a constructor
54 metal received · 38777 energy received

Allied construction assistance is unknown. Timings are observations, not a promise of solo reproducibility.

Typical milestones

Aircraft Plant1:26Middle 50%: 1:14–1:35 · n=1813
Advanced Metal Extractor6:54Middle 50%: 6:27–7:26 · n=1753
Fusion Reactor10:52Middle 50%: 9:46–12:17 · n=1160

Played most by

TheGeneraI114games of this buildDad_The_Speedrunner72games of this buildHunfore62games of this buildDRM52games of this buildMilkdragon52games of this build
Standard air · Cortex Air build order · BAR Build Atlas